 Dungeon Crawl Stone Soup version 0.29.1-12-g30fa7ad0bf (webtiles) character file.

Game seed: 17677591118573324102

249 sankara the Shield-Bearer (level 5, -4/47 HPs)
             Began as a Minotaur Fighter on Jan 8, 2023.
             Slain by a gnoll
             ... wielding a +0 halberd
             ... led by a gnoll bouda
              (6 damage)
             ... on level 4 of the Dungeon.
             The game lasted 00:05:16 (3260 turns).

sankara the Shield-Bearer (Minotaur Fighter)        Turns: 3260, Time: 00:05:17

Health: -4/47      AC:  7    Str: 21    XL:     5   Next: 87%
Magic:  4/4        EV:  9    Int:  5    God:
Gold:   204        SH:  5    Dex: 14    Spells: 4/4 levels left

rFire   . . .      SeeInvis .   a - +7 war axe of Puv Ukau {holy, Dex+3}
rCold   . . .      Faith    .   c - +0 buckler
rNeg    . . .      Spirit   .   b - +0 scale mail
rPois   .          Reflect  .   (helmet restricted)
rElec   .          Harm     .   (no cloak)
rCorr   .          Rampage  .   (no gloves)
Will    .....                   (no boots)
Stlth   ..........              (no amulet)
HPRegen 0.15/turn               (no ring)
MPRegen 0.09/turn               (no ring)

@: no status effects
A: horns 2, retaliatory headbutt
a: no special abilities


You were on level 4 of the Dungeon.
You visited 1 branch of the dungeon, and saw 4 of its levels.

You collected 204 gold pieces.

Inventory:

Hand Weapons
 a - the +7 war axe of Puv Ukau (weapon) {holy, Dex+3}
   (You found it on level 3 of the Dungeon)

   It has been blessed by the Shining One to cause great damage to the undead
   and demons.
   Dex:       It affects your dexterity (+3).
 i - a +0 sling
 n - a +0 flail
Missiles
 k - a throwing net (quivered)
Armour
 b - a +0 scale mail (worn)
 c - a +0 buckler (worn)
Scrolls
 e - 2 scrolls of teleportation {unknown}
 f - a scroll of torment {unknown}
 h - 4 scrolls of identify {unknown}
 p - a scroll of amnesia {unknown}
Potions
 d - a potion of might
 g - 4 potions of curing {unknown}
 j - a potion of berserk rage {unknown}
 l - a potion of heal wounds {unknown}
 m - a potion of degeneration {unknown}
 o - a potion of brilliance {unknown}
 q - a potion of resistance {unknown}


   Skills:
 + Level 4.7 Fighting
 * Level 2.9(3.9) Axes
 - Level 3.9(4.4) Maces & Flails
 + Level 4.8 Armour
 + Level 4.8 Shields


You had 4 spell levels left.
You didn't know any spells.
Your spell library contained the following spells:

 Spells                   Type           Power      Damage    Failure   Level
 Inner Flame              Hex/Fire       0%         N/A       99%         3
 Cause Fear               Hex            0%         N/A       100%        4
 Discord                  Hex            0%         N/A       100%        8


Dungeon Overview and Level Annotations

Branches:
Dungeon (4/15)
 Temple: D:4-7

Altars:
Cheibriados
Elyvilon

Shops:
D:4 [

Annotations:
D:2 1 runed translucent door, Crazy Yiuf


Innate Abilities, Weirdness & Mutations

You have a pair of horns on your head.
You reflexively headbutt those who attack you in melee.


Message History

The gnoll bouda calls upon its god to heal the gnoll.
The gnoll's wounds heal themselves!
The gnoll hits you with a +0 spear.
Unknown command.
You slash the gnoll!
The gnoll is heavily wounded.
The gnoll hits you but does no damage.
The gnoll hits you from afar with a +0 spear!
The gnoll barely misses you.
The gnoll bouda barks out a call to the hunt!
The gnolls pick up the pace!
You block the gnoll's attack.
You slice the gnoll!!
You kill the gnoll!
You hit the gnoll bouda. The gnoll barely misses you.
You block the gnoll bouda's attack.
Unknown command.
You hit the gnoll bouda.
The gnoll bouda is heavily wounded.
You hit the endoplasm.
The gnoll hits you from afar with a +0 spear!
* * * LOW HITPOINT WARNING * * *
The endoplasm freezes you.
You are frozen.
* * * LOW HITPOINT WARNING * * *
The gnoll hits you from afar with a +0 halberd.
* * * LOW HITPOINT WARNING * * *
The endoplasm hits you.
* * * LOW HITPOINT WARNING * * *
The gnoll bouda hits you but does no damage.
The gnoll hits you but does no damage. You block the gnoll's attack.
The gnoll bouda closely misses you. The endoplasm attacks as you move away!
You block the endoplasm's attack. The endoplasm attacks as you move away!
The endoplasm hits you but does no damage.
The gnoll hits you but does no damage.
There is a stone staircase leading up here.
The gnoll hits you from afar with a +0 spear.
* * * LOW HITPOINT WARNING * * *
The gnoll hits you from afar with a +0 halberd.
You die...

#####...### ###+#).)..#
....#....... ...#.....#
..........>## #.#.....##
........#...# #........#
#.....†.#...# #........#
#.......#...# #........#
#.....))#...###g..g....#
#......8.8.8....Jg.....#
........⌠.⌠....#@......#
.....##8.∩.8...#.......#
.#......⌠.⌠....#.......#
##....8.8.8...#.......#
#.........##.#.....###
##........##.#.....#
#...........#.....#
#...........#...###
#...........#


You could see a gnoll bouda, 2 gnolls and an endoplasm.

Vanquished Creatures
  A sky beast (D:3)
  An orc priest (D:4)
  An adder (D:2)
  6 gnolls
  A worm (D:3)
  2 dart slugs (D:4)
  3 orcs (D:4)
  3 bats (D:1)
  2 endoplasms
  2 giant cockroaches
  2 goblins
  A hobgoblin (D:4)
  8 jackals (D:2)
  4 kobolds
  3 quokkas
  10 ball pythons
  A frilled lizard (D:2)
  6 rats
57 creatures vanquished.

Notes
Turn   | Place    | Note
-------+----------+-------------------------------------------
     0 | D:1      | sankara the Minotaur Fighter began the quest for the Orb.
     0 | D:1      | Reached XP level 1. HP: 19/19 MP: 0/0
   355 | D:1      | Reached XP level 2. HP: 27/27 MP: 1/1
   594 | D:1      | Found a faded altar of an unknown god.
   881 | D:2      | Reached XP level 3. HP: 31/33 MP: 2/2
  1526 | D:2      | Found a runed translucent door.
  1527 | D:2      | Noticed Crazy Yiuf
  1834 | D:2      | Reached XP level 4. HP: 32/40 MP: 3/3
  2077 | D:3      | Identified the +7 war axe of Puv Ukau {holy, Dex+3}
  2313 | D:3      | Noticed a sky beast
  2322 | D:3      | Killed a sky beast
  2323 | D:3      | Reached XP level 5. HP: 20/47 MP: 4/4
  2829 | D:3      | Found a snail-covered altar of Cheibriados.
  2838 | D:3      | Found a white marble altar of Elyvilon.
  3124 | D:4      | Found Kafeesio's Armour Emporium.
  3260 | D:4      | HP: 2/47 [gnoll/+0 spear[a gnoll bouda] (3)]
  3260 | D:4      | Slain by a gnoll

Illustrated notes

Levels and vault maps discovered:
D:1:      minmay_arrival_up_and_down, layout_loops_ring,
          hellmonk_ecumenical_altar_leap_of_faith
D:2:      layout_rooms, uniq_crazy_yiuf_cottage
D:3:      layout_basic, mainiacjoe_overflow_swirl,
          chequers_serial_rivers_small_b
D:4:      layout_basic, serial_shops, nicolae_shop_behind_doors,
          nicolae_shop_temple_entry_statues_fountains, kennysheep_mini,
          grunt_ministairs_2, nicolae_elemental_shop, uniq_duvessa,
          uniq_eustachio

Skill      XL: |  1  2  3  4 |
---------------+-------------+-----
Maces & Flails | 3 |  3.9
Armour         | 4 |  4.8
Fighting       | 4 |  4.7
Shields        | 4 |  4.8
Axes           | 2 |  2.9

Action                   |  1- 3 |  4- 6 || total
-------------------------+-------+-------++-------
Melee: Flail             |    88 |     3 ||    91
       Headbutt          |    14 |     7 ||    21
       War axe           |       |    39 ||    39
Armor: Scale mail        |    53 |    20 ||    73
Dodge: Dodged            |    56 |    16 ||    72
Block: Buckler           |    25 |    18 ||    43
